 Dungeon Crawl Stone Soup version 0.30-a0-595-g91969c0fa5 (webtiles) character file.

Game seed: 13174389621193627350

233 Leeroy the Insei (level 5, 0/60 HPs)
             Began as a Draconian Transmuter on Jan 6, 2023.
             Slain by an orc
             ... wielding a +0 trident
              (4 damage)
             ... on level 3 of the Dungeon.
             The game lasted 00:04:12 (2399 turns).

Leeroy the Insei (Draconian Transmuter)             Turns: 2399, Time: 00:04:13

Health: 0/60       AC: 22    Str: 15    XL:     5   Next: 74%
Magic:  17/17      EV:  2    Int: 18    God:
Gold:   199        SH:  0    Dex:  8    Spells: 4/8 levels left

rFire   . . .      SeeInvis .      - Unarmed
rCold   . . .      Faith    .    (no shield)
rNeg    . . .      Spirit   .    (body armour unavailable)
rPois   +          Reflect  .    (helmet currently unavailable)
rElec   .          Harm     .    (cloak currently unavailable)
rCorr   .          Rampage  .    (gloves currently unavailable)
Will    .....      NoTele   +    (boots currently unavailable)
Stlth   +                        i - amulet of magic regeneration
HPRegen 0.30/turn                c - ring of magical power
MPRegen 0.55/turn                d - ring of poison resistance

@: tree-form
A: stationary, stasis, torment immunity, boosted hp, AC +5, unfitting armour,
(cold-blooded), clever 1, clumsy 1, (fire resistance 1), strong 1
a: no special abilities


You were on level 3 of the Dungeon.
You were a tree.
You visited 1 branch of the dungeon, and saw 3 of its levels.
You also visited: Sewer.

You collected 199 gold pieces.

Inventory:

Armour
 g - a +0 pair of boots (melded)
Jewellery
 b - a ring of fire
 c - a ring of magical power (left branch)
 d - a ring of poison resistance (right branch)
 h - a ring of resist corrosion
 i - an amulet of magic regeneration (around neck)
 l - a ring of magical power
Scrolls
 f - a scroll of poison {unknown}
 j - 2 scrolls of fog {unknown}
 m - 2 scrolls of summoning {unknown}
 p - a scroll of magic mapping {unknown}
Potions
 a - a potion of lignification
 n - a potion of haste
 o - a potion of might
 q - a potion of magic


   Skills:
 - Level 1.1 Fighting
 - Level 1.7 Dodging
 + Level 6.5 Unarmed Combat
 - Level 2.0 Spellcasting
 - Level 2.0 Transmutations


You had 4 spell levels left.
You knew the following spells:

 Your Spells              Type           Power      Damage    Failure   Level
a - Beastly Appendage     Tmut           18%        N/A       8%          1
b - Spider Form           Tmut/Pois      5%         N/A       34%         3

Your spell library contained the following spells:

 Spells                   Type           Power      Damage    Failure   Level
 Wereblood                Tmut           9%         N/A       12%         2
 Ice Form                 Ice/Tmut       5%         N/A       75%         4


Dungeon Overview and Level Annotations

Branches:
Dungeon (3/15)              Sewer (visited)

Altars:
Zin


Innate Abilities, Weirdness & Mutations

You are a tree.
Your roots penetrate the ground, keeping you stationary.
You cannot be teleported.
You are immune to unholy pain and torment.
Your maximum health is greatly increased.
Your equipment is partially melded.
((Your plain brown scales are hard. (AC +5)))
You cannot fit into any form of body armour.
((You are cold-blooded and may be slowed by cold attacks.))
Your mind is acute. (Int +4, Str/Dex -1)
You are clumsy. (Dex -2)
((Your flesh is heat resistant. (rF+)))
Your muscles are strong. (Str +4, Int/Dex -1)


Message History

The orc is lightly wounded.
The orc hits you with a +0 mace. The orc closely misses you.
You hit the orc but do no damage. Your kick misses the orc. You punch the orc.
The orc is almost dead.
The orc hits you with a +0 flail! The orc hits you with a +0 mace.
* * * LOW HITPOINT WARNING * * *
The orc barely misses you.
You are too injured to fight recklessly!
You are too injured to fight recklessly!
You punch the orc!
You kill the orc!
The orc barely misses you. x2
You closely miss the orc. The orc barely misses you.
The orc hits you from afar with a +0 trident.
* * * LOW HITPOINT WARNING * * *
The orc attacks as you move away! The orc hits you with a +0 flail.
* * * LOW HITPOINT WARNING * * *
Your horns disappear.
Your talons disappear.
Your +0 pair of boots unmelds from your body.
Okay, then.
Okay, then.
The orc attacks as you move away! The orc barely misses you.
The orc attacks as you move away! The orc hits you with a +0 flail!
* * * LOW HITPOINT WARNING * * *
The orc attacks as you move away! The orc closely misses you.
Really quaff the potion of lignification?
You turn into a tree.
Your +0 pair of boots melds into your body.
Your roots penetrate the ground.
The orc hits you but does no damage.
You smack the orc!
You kill the orc!
The orc barely misses you.
You aren't carrying any items that you can evoke.
Okay, then.
Okay, then.
The orc hits you but does no damage. The orc hits you but does no damage.
The orc hits you but does no damage.
The orc hits you from afar with a +0 trident.
You die...

.### #.#..##### #.#.......... ###
#....# ##.##.........
..########...# ##..##.........
#......##....######..###.........
######.........##...## #.........
###..##...##.######.........
###..####.........#..........
#...## #...#.####.#....[.....
#.### ##..##♣####.....###.... ##
#.# #...##.)o.....#...#....
.####.#####.#.########..###..†...
...##.##....#.## #.....####.....
.........####..## #.###..####....
####......# ##..#.. ##.........
## ##.###.# ####. #..#......
.###.÷# .# #. #.##.#.... ..##.##
.. . #.)..#####


You could see an orc.

Vanquished Creatures
  2 orc priests (D:3)
  An orc wizard (D:3)
  4 adders
  3 river rats
  3 worms
  A dart slug (D:1)
  7 orcs (D:3)
  7 endoplasms
  6 giant cockroaches
  2 goblins
  5 hobgoblins
  3 quokkas
  2 ball pythons (D:1)
  2 bats (D:1)
  6 frilled lizards (D:1)
  13 kobolds
  10 rats
77 creatures vanquished.

Vanquished Creatures (others)
  2 plants (D:1)
2 creatures vanquished.

Grand Total: 79 creatures vanquished

Notes
Turn   | Place    | Note
-------+----------+-------------------------------------------
     0 | D:1      | Leeroy the Draconian Transmuter began the quest for the
                  | Orb.
     0 | D:1      | Reached XP level 1. HP: 16/16 MP: 3/3
    94 | D:1      | Reached XP level 2. HP: 19/23 MP: 3/5
   383 | D:1      | Reached skill level 4 in Unarmed Combat
   697 | D:2      | Reached XP level 3. HP: 21/28 MP: 6/6
   799 | D:2      | Learned a level 3 spell: Spider Form
   899 | D:2      | Found a glowing silver altar of Zin.
  1414 | D:3      | Found a glowing drain.
  1482 | Sewer    | Entered a sewer
  1510 | Sewer    | Reached XP level 4. HP: 35/35 MP: 7/7
  1520 | Sewer    | Reached skill level 5 in Unarmed Combat
  1937 | Sewer    | Gained mutation: Your mind is acute. (Int +4, Str/Dex -1)
                  | [potion of mutation]
  1937 | Sewer    | Gained mutation: Your muscles are strong. (Str +4, Int/Dex
                  | -1) [potion of mutation]
  1937 | Sewer    | Gained mutation: You are clumsy. (Dex -2) [potion of
                  | mutation]
  1937 | Sewer    | Gained mutation: Your flesh is heat resistant. (rF+)
                  | [potion of mutation]
  2066 | D:3      | Reached skill level 6 in Unarmed Combat
  2066 | D:3      | Reached XP level 5. HP: 26/40 MP: 8/8
  2392 | D:3      | HP: 1/40 [orc/+0 flail (8)]
  2399 | D:3      | Slain by an orc

Illustrated notes

Levels and vault maps discovered:
D:1:      heliophobic_arrival_battle_scene, layout_rooms, minmay_lizard_king
D:2:      layout_loops_cross, basic_altar
D:3:      layout_rooms, gup_sewer_entry_bubbles, serial_shops,
          nicolae_shop_bloodbath_and_beyond

Skill      XL: |  1  2  3  4 |
---------------+-------------+-----
Unarmed Combat | 4 6 |  6.5
Fighting       | |  1.1
Dodging        | |  1.7
Spellcasting   | |  2.0
Transmutations | |  2.0

Action                   |  1- 3 |  4- 6 || total
-------------------------+-------+-------++-------
Melee: Unarmed           |   173 |    99 ||   272
       Tailslap          |    15 |     9 ||    24
       Headbutt          |     4 |    10 ||    14
       Kick              |     3 |    11 ||    14
       Punch             |       |     3 ||     3
 Cast: Beastly Appendage |     5 |     8 ||    13
  Use: Potion            |       |    10 ||    10
 Stab: Sleeping          |     1 |       ||     1
Armor: Skin              |    55 |    35 ||    90
Dodge: Dodged            |   104 |    44 ||   148

Table legend: (Time is in decaauts)
 A = Elapsed time spent in this place.
 B = Non-inter-level travel time spent in this place.
 C = Inter-level travel time spent in this place.
 D = Time resting spent in this place.
 E = Time spent auto-exploring this place.
 F = Levels seen in this place.
 G = Mean time per level.
                   A        B        C        D        E       F      G
               +--------+--------+--------+--------+--------+-----+--------+
         Total |   2471 |   2387 |     84 |    196 |   1541 |   4 |  617.8 |
       Dungeon |   1924 |   1840 |     84 |     55 |   1334 |   3 |  641.3 |
         Sewer |    546 |    546 |      0 |    141 |    207 |   1 |  546.0 |
               +--------+--------+--------+--------+--------+-----+--------+

Top non-repeatable levels by time:
     D:2: 733 daAuts
     D:3: 619 daAuts
     D:1: 571 daAuts
   Sewer: 546 daAuts
